 Dungeon Crawl Stone Soup version 0.23-a0-629-gae4348f (webtiles) character file.

23 MalarOregon the Poker (level 2, -5/23 HPs)
             Began as a Merfolk Skald on Dec 26, 2018.
             Slain by an iguana (13 damage)
             ... on level 2 of the Dungeon.
             The game lasted 00:01:55 (428 turns).

MalarOregon the Poker (Merfolk Skald)                Turns: 428, Time: 00:01:56

Health: -5/23      AC:  3    Str: 11    XL:     2   Next: 95%
Magic:  1/5        EV: 12    Int: 12    God:
Gold:   38         SH:  0    Dex: 13    Spells: 4/5 levels left

rFire    . . .     SeeInvis .   a - +0 spear
rCold    . . .     Gourm    .   (no shield)
rNeg     . . .     Faith    .   b - +0 leather armour
rPois    .         Spirit   .   (no helmet)
rElec    .         Reflect  .   (no cloak)
rCorr    .         Harm     .   (no gloves)
MR       .....                  (no boots)
Stlth    +.........             (no amulet)
HPRegen  0.07/turn              (no ring)
MPRegen  0.09/turn              (no ring)

@: infused
A: change form in water, swift swim, stealthy swim
a: no special abilities


You were on level 2 of the Dungeon.
You were not hungry.

You visited 1 branch of the dungeon, and saw 2 of its levels.

You collected 38 gold pieces.

Inventory:

Hand Weapons
 a - a +0 spear (weapon)
Armour
 b - a +0 leather armour (worn)
Potions
 d - a potion of resistance {unknown}
 f - a potion of ambrosia {unknown}
Comestibles
 c - 5 chunks of flesh
 e - a ration {!d}


   Skills:
 + Level 2.5 Fighting
 * Level 3.9 Polearms
 + Level 1.0 Armour
 + Level 3.1 Dodging
 - Level 2.0 Spellcasting
 - Level 3.2 Charms


You had 4 spell levels left.
You knew the following spells:

 Your Spells              Type           Power        Failure   Level  Hunger
a - Infusion              Chrm           #...         10%         1    ##.....

Your spell library contained the following spells:

 Spells                   Type           Power        Failure   Level  Hunger
 Song of Slaying          Chrm           #.......     14%         2    ###....
 Shroud of Golubria       Chrm/Tloc      #.........   28%         2    ###....
 Regeneration             Chrm/Necr      #.........   50%         3    ####...
 Spectral Weapon          Hex/Chrm       #.......     50%         3    ####...


Dungeon Overview and Level Annotations

Branches:
Dungeon (2/15)

Altars:


Message History

You start resting.
Your magical infusion is running out.
Your magical contamination has completely faded away.
You are no longer magically infusing your attacks.
You start resting.
A rat comes into view.
You begin infusing your attacks with magical energy.
Attack whom?
Aim: a rat You reach to attack!
You closely miss the rat. You closely miss the rat. The rat closely misses you.
You hit the rat. The rat bites you but does no damage.
You hit the rat.
You kill the rat!
No target in view!
You see here a rat corpse.
You butcher the rat corpse.
c - 5 chunks of flesh (gained 1)
You see here a rat skeleton.
You start resting.
Your magical infusion is running out.
You are no longer magically infusing your attacks.
You start resting.
You start resting.
A hobgoblin comes into view. It is wielding a +0 club.
A hobgoblin is nearby!
The hobgoblin shouts!
You hear an angry hiss.
Found a stone staircase leading down.
You begin infusing your attacks with magical energy.
A rat comes into view.
Attack whom?
Aim: a hobgoblin, wielding a +0 club You reach to attack!
You barely miss the hobgoblin.
An iguana comes into view.
The iguana hisses angrily.
You hit the hobgoblin. The hobgoblin barely misses you.
You barely miss the hobgoblin. The hobgoblin hits you with a +0 club.
You hit the hobgoblin.
You kill the hobgoblin!
Found an escape hatch in the floor.
You hit the rat.
You kill the rat!
You hit the iguana. You hit the iguana but do no damage.
The iguana barely misses you.
You closely miss the iguana. The iguana barely misses you.
You hit the iguana but do no damage. The iguana bites you!
* * * LOW HITPOINT WARNING * * *
You hit the iguana but do no damage. The iguana bites you!
Ouch! That really hurt!
You die...

#> #........ +...
......... #...
#........
#...##........
......####...##........
......#................
...............l†...#
..............)@....#
....... #...........#
.......##...........#
.........<..÷..........
.......)#...........>..
..................#.##.
..###.....####.......#
#.....).......##.#
#.....##.#..##.#


You could see an iguana.

Vanquished Creatures
  An adder (D:2)
  A bat (D:1)
  2 goblins
  2 hobgoblins (D:2)
  A ball python (D:2)
  A frilled lizard (D:1)
  8 rats
16 creatures vanquished.

Notes
Turn   | Place    | Note
-------+----------+-------------------------------------------
     0 | D:1      | MalarOregon the Merfolk Skald began the quest for the Orb.
     0 | D:1      | Reached XP level 1. HP: 16/16 MP: 3/3
   213 | D:2      | Reached XP level 2. HP: 18/23 MP: 1/5
   217 | D:2      | Reached skill level 1 in Armour
   428 | D:2      | Slain by an iguana

Vault maps used:
D:1:      wander_arrival_chamber
D:2:      uniq_jessica, uniq_crazy_yiuf_cottage, uniq_robin

Skill      XL: |  1  2 |
---------------+-------+-----
Armour         | 1 |  1.0
Dodging        | 3 |  3.1
Fighting       | |  2.5
Polearms       | |  3.9
Spellcasting   | |  2.0
Charms         | |  3.2

Action                   || total
-------------------------++-------
Melee: Spear             ||    46
 Cast: Infusion          ||     5
Armor: Leather armour    ||    21
Dodge: Dodged            ||    37

Table legend:
 A = Non-vault XP
 B = Vault XP
 C = Vault XP percentage of total XP
 D = Non-vault monster count
 E = Vault monster count
 F = Vault count percentage of total count
                 A         B        C        D         E       F
            +---------+---------+-------+---------+---------+-------
      Total |      33 |       0 |   0.0 |      16 |       0 |   0.0
            +---------+---------+-------+---------+---------+-------
        D:1 |       9 |       0 |   0.0 |       7 |       0 |   0.0
        D:2 |      24 |       0 |   0.0 |       9 |       0 |   0.0
            +---------+---------+-------+---------+---------+-------
